 Dungeon Crawl Stone Soup version 0.31.0-12-g77e489cdc1 (webtiles) character file.

Game seed: 11753616521996075866

72 spaghetti the Sneak (level 4, -1/42 HPs)
             Began as a Naga Chaos Knight on Feb 18, 2024.
             Was a Plaything of Xom.
             Slain by a gnoll
             ... wielding a +0 flail
              (6 damage)
             ... on level 2 of the Dungeon.
             The game lasted 00:01:23 (1244 turns).

spaghetti the Sneak (Naga Chaos Knight)             Turns: 1244, Time: 00:01:24

Health: -1/42      AC:  5    Str: 14    XL:     4   Next: 26%
Magic:  4/4        EV:  9    Int: 13    God:    Xom [..*...]
Gold:   80         SH:  0    Dex: 12    Spells: 3/3 levels left

rFire   . . .        f - +2 long sword (flame)
rCold   . . .        (no shield)
rNeg    . . .        b - +2 leather armour
rPois   +            (no helmet)
rElec   .            (no cloak)
rCorr   .            (no gloves)
SInv    +            (no barding)
Will    .....        (no amulet)
Stlth   +++          (no ring)
HPRegen 0.27/turn    (no ring)
MPRegen 0.09/turn

%: no passive effects
@: short of breath, hasted, quick
A: AC +1, large, see invisible, deformed body, poison resistance, slowness 2,
spit poison 1, naga tail 1
a: Spit Poison, Renounce Religion


You were on level 2 of the Dungeon.
You worshipped Xom.
You were a toy of Xom.
You visited 1 branch of the dungeon, and saw 2 of its levels.

You collected 80 gold pieces.

Inventory:

Hand Weapons
 a - a +0 short sword of chaos
 f - a +2 long sword of flaming (weapon)
Armour
 b - a +2 leather armour (worn)
Scrolls
 c - a scroll of butterflies
 e - a scroll of teleportation
 h - a scroll of identify


   Skills:
 - Level 3.0 Fighting
 - Level 3.0 Short Blades
 - Level 1.5 Armour
 - Level 0.7 Dodging
 + Level 6.1 Stealth


You had 3 spell levels left.
You didn't know any spells.
Your spell library contained the following spells:

 Spells                   Type           Power      Damage    Failure   Level
 Dazzling Flash           Conj/Hex       0%         N/A       75%         3
 Mephitic Cloud           Conj/Alch/Air  0%         N/A       75%         3
 Tukima's Dance           Hex            0%         N/A       75%         3
 Dimensional Bullseye     Hex/Tloc       0%         N/A       98%         4
 Iskenderun's Mystic Bla  Conj/Tloc      0%         2d3       98%         4
 Curse of Agony           Necr           0%         N/A       100%        5
 Silence                  Hex/Air        0%         N/A       100%        5


Dungeon Overview and Level Annotations

Branches:
Dungeon (2/15)

Altars:


Innate Abilities, Weirdness & Mutations

Your serpentine skin is tough. (AC +1)
You have supernaturally acute eyesight. (SInv)
Armour fits poorly on your strangely shaped body.
Your system is resistant to poisons. (rPois)
You cover ground very slowly.
You can spit poison.
You have a snake-like lower body.


Message History

You are too injured to fight recklessly!
You are too injured to fight recklessly!
You are too injured to fight recklessly!
You are too injured to fight recklessly!
You are too injured to fight recklessly!
You are too injured to fight recklessly!
You are too injured to fight recklessly!
You are too injured to fight recklessly!
You are too injured to fight recklessly!
You are too injured to fight recklessly!
You hit the gnoll. You burn the gnoll.
The gnoll is moderately wounded.
You barely miss the gnoll.
The gnoll is moderately wounded.
The gnoll hits you from afar with a +0 halberd.
The gnoll hits you with a +0 club.
You hit the gnoll. You burn the gnoll.
The gnoll is moderately wounded.
The gnoll hits you from afar with a +0 halberd!
The gnoll closely misses you.
You closely miss the gnoll.
The gnoll is moderately wounded.
The gnoll barely misses you. The gnoll closely misses you.
The gnoll barely misses you.
You slash the gnoll! You burn the gnoll.
You kill the gnoll!
The gnoll hits you but does no damage. The gnoll barely misses you.
Your Stealth skill increases to level 6!
Aiming: Spit Poison (1% risk of failure)
Press: ? - help, Shift-Dir - straight line, f - gnoll
Aim: a gnoll, wielding a +0 halberd (65% to hit)
The splash of poison hits the gnoll.
The gnoll is poisoned.
The gnoll is moderately wounded.
The gnoll barely misses you. The gnoll hits you with a +0 flail!
* * * LOW HITPOINT WARNING * * *
Unknown command.
You hit the gnoll. You burn the gnoll.
The gnoll is severely wounded.
The gnoll barely misses you. The gnoll hits you with a +0 flail.
You die...

### ###############.#
#............##.#
#............##.## .
#.................
...####.................
......)g..............##
.....g)@................
...##:####..#.#.....#.##
#.####..#.#.##..#...
#...................
#..###..#.#.##..#..# #..#
#..#.#.##..#..#
####..###.##.#.##.....#
............#.###.....
..#####..###.##.#.######.#


You could see 2 gnolls.

Vanquished Creatures
  An adder (D:2)
  A gnoll (D:2)
  A ribbon worm (D:2)
  5 endoplasms
  6 giant cockroaches
  4 goblins
  9 hobgoblins
  2 quokkas
  2 ball pythons
  5 bats
  3 frilled lizards
  4 kobolds
  6 rats
49 creatures vanquished.

Notes
Turn   | Place    | Note
-------+----------+-------------------------------------------
     0 | D:1      | spaghetti the Naga Chaos Knight began the quest for the
                  | Orb.
     0 | D:1      | Reached XP level 1. HP: 21/21 MP: 1/1
    17 | D:1      | Reached skill level 1 in Stealth
    58 | D:1      | Reached skill level 2 in Stealth
    62 | D:1      | Reached XP level 2. HP: 28/28 MP: 2/2
    83 | D:1      | XOM: silly message
    97 | D:1      | Reached skill level 3 in Stealth
   240 | D:1      | Reached skill level 4 in Stealth
   380 | D:1      | Reached XP level 3. HP: 27/34 MP: 3/3
   669 | D:2      | XOM: silly message
   753 | D:2      | Reached skill level 5 in Stealth
   822 | D:2      | XOM: silly message
  1044 | D:2      | Reached XP level 4. HP: 41/42 MP: 4/4
  1243 | D:2      | Reached skill level 6 in Stealth
  1244 | D:2      | Slain by a gnoll

Illustrated notes

Levels and vault maps discovered:
D:1:      amcnicky_arrival_double_pillar, layout_rooms
D:2:      layout_basic

Skill      XL: |  1  2  3  4 |
---------------+-------------+-----
Stealth        | 2 4 5 6 |  6.1
Fighting       | |  3.0
Short Blades   | |  3.0
Armour         | |  1.5
Dodging        | |  0.7

Action                     |  1- 3 |  4- 6 || total
---------------------------+-------+-------++-------
  Melee: Short sword       |    61 |       ||    61
         Punch             |     1 |       ||     1
         Long sword        |    16 |    10 ||    26
Ability: Spit Poison       |    25 |     7 ||    32
    Use: Scroll            |     3 |       ||     3
         Potion            |       |     2 ||     2
 Armour: Leather armour    |    60 |    12 ||    72
  Dodge: Dodged            |    49 |    10 ||    59
